 Dungeon Crawl Stone Soup version 0.25-a0-96-g4073cf80fb (webtiles) character file.

Game seed: 9975084341548591072, levelgen mode: deterministic

33 Lanoc the Skirmisher (level 3, 0/36 HPs)
             Began as a Minotaur Wanderer on Nov 11, 2019.
             Slain by an orc
             ... wielding a +0 flail
              (3 damage)
             ... on level 3 of the Dungeon.
             The game lasted 00:01:38 (536 turns).

Lanoc the Skirmisher (Minotaur Wanderer)             Turns: 536, Time: 00:01:39

Health: 0/36       AC:  2    Str: 18    XL:     3   Next: 12%
Magic:  2/2        EV: 11    Int: 10    God:
Gold:   51         SH:  3    Dex:  7    Spells: 2/2 levels left

rFire    . . .     SeeInvis .   a - +2 mace
rCold    . . .     Gourm    .   c - +0 buckler
rNeg     + . .     Faith    .   d - +0 robe
rPois    .         Spirit   .   (helmet restricted)
rElec    .         Reflect  .   (no cloak)
rCorr    .         Harm     .   (no gloves)
MR       .....                  (no boots)
Stlth    +.........             (no amulet)
HPRegen  0.12/turn              i - ring of positive energy
MPRegen  0.08/turn              (no ring)

@: no status effects
A: retaliatory headbutt, horns 2
a: no special abilities


You were on level 3 of the Dungeon.
You were not hungry.

You visited 1 branch of the dungeon, and saw 3 of its levels.

You collected 51 gold pieces.

Inventory:

Hand Weapons
 a - a +2 mace (weapon)
Missiles
 h - 27 arrows
Armour
 c - a +0 buckler (worn)
 d - a +0 robe (worn)
Jewellery
 i - a ring of positive energy (left hand)
Scrolls
 e - a scroll of teleportation {unknown}
 g - a scroll of blinking {unknown}
 j - a scroll of enchant armour {unknown}
 k - 2 scrolls of identify {unknown}
 l - a scroll of remove curse {unknown}
Potions
 b - a potion of curing
Comestibles
 f - 2 rations


   Skills:
 + Level 5.0 Fighting
 * Level 3.2 Maces & Flails
   Level 1.1 Bows
 + Level 1.8 Armour
 + Level 1.0 Dodging
 + Level 1.9 Shields
   Level 1.0 Evocations


You had 2 spell levels left.
You didn't know any spells.
Your spell library was empty.

Dungeon Overview and Level Annotations

Branches:
Dungeon (3/15)

Altars:
Elyvilon


Innate Abilities, Weirdness & Mutations

You reflexively headbutt those who attack you in melee.
You have a pair of horns on your head.


Message History

The orc priest is moderately wounded.
The orc barely misses you. The orc hits you with a +0 flail.
The orc priest barely misses you. The orc hits you but does no damage.
You are electrocuted!
You are too injured to fight recklessly!
You hit the orc priest. Your headbutt misses the orc priest.
The orc priest is heavily wounded.
The orc barely misses you. You furiously retaliate!
You headbutt the orc. The orc closely misses you.
The orc priest barely misses you. You furiously retaliate!
You headbutt the orc priest. You closely miss the orc priest.
Your headbutt misses the orc priest.
The orc priest is severely wounded.
The orc hits you with a +0 flail.
A bat comes into view.
The orc hits you with a +0 hand axe of electrocution.
* * * LOW HITPOINT WARNING * * *
The orc priest hits you with a +0 flail.
* * * LOW HITPOINT WARNING * * *
The orc hits you with a +0 flail.
You die...

.## ..#######
#........
####........
#...........
.####...........
.......@o.......
..###.o.o...?...
#.###..##### #.
#.# # ..# .# .#
#


You could see an orc priest and 2 orcs.

Vanquished Creatures
  An adder (D:2)
  A worm (D:2)
  2 leopard geckos
  An orc (D:2)
  A giant cockroach (D:1)
  3 goblins
  A hobgoblin (D:2)
  2 kobolds (D:2)
  A ball python (D:2)
  4 bats
  A frilled lizard (D:2)
  A rat (D:1)
19 creatures vanquished.

Notes
Turn   | Place    | Note
-------+----------+-------------------------------------------
     0 | D:1      | Lanoc the Minotaur Wanderer began the quest for the Orb.
     0 | D:1      | Lanoc set off with the following items: a +2 mace, a potion
                  | of curing, a +0 buckler, a +0 robe, a ration
     0 | D:1      | Reached XP level 1. HP: 22/22 MP: 0/0
    91 | D:2      | Reached XP level 2. HP: 23/28 MP: 1/1
   277 | D:2      | Reached skill level 5 in Fighting
   354 | D:2      | Reached skill level 1 in Dodging
   358 | D:2      | Reached XP level 3. HP: 24/36 MP: 2/2
   373 | D:2      | Found a white marble altar of Elyvilon.
   536 | D:3      | Slain by an orc

Levels and vault maps discovered:
D:1:      minmay_arrival_radiant_lines, layout_basic
D:2:      layout_loops_ring, elyvilon_altar_3
D:3:      layout_basic, first_ration

Skill      XL: |  1  2 |
---------------+-------+-----
Fighting       | 5 |  5.0
Maces & Flails | 3 |  3.2
Dodging        | 1 |  1.0
Bows           | |  1.1
Armour         | |  1.8
Shields        | |  1.9
Evocations     | |  1.0

Action                   || total
-------------------------++-------
Melee: Mace              ||    39
       Headbutt          ||     3
Armor: Robe              ||     6
Dodge: Dodged            ||    31
Block: Buckler           ||     6

Table legend:
 A = Non-vault XP
 B = Vault XP
 C = Vault XP percentage of total XP
 D = Non-vault monster count
 E = Vault monster count
 F = Vault count percentage of total count
                 A         B        C        D         E       F
            +---------+---------+-------+---------+---------+-------
      Total |      48 |       0 |   0.0 |      19 |       0 |   0.0
            +---------+---------+-------+---------+---------+-------
        D:1 |       9 |       0 |   0.0 |       5 |       0 |   0.0
        D:2 |      39 |       0 |   0.0 |      14 |       0 |   0.0
            +---------+---------+-------+---------+---------+-------
